 Seeded DCSS version 0.30-a0-1066-g63dfefce0d (webtiles) character file.

Game seed: 12909855345986312439 (custom seed)

93 voltaire321 the Shooter (level 4, -5/26 HPs)
             Began as a Kobold Hexslinger on Apr 12, 2023.
             Slain by a gnoll
             ... wielding a +0 flail
              (10 damage)
             ... on level 3 of the Dungeon.
             The game lasted 00:06:17 (2140 turns).

voltaire321 the Shooter (Kobold Hexslinger)         Turns: 2140, Time: 00:06:17

Health: -5/26      AC:  2    Str:  7    XL:     4   Next: 91%
Magic:  6/6        EV: 16    Int: 14    God:
Gold:   95         SH:  0    Dex: 22    Spells: 5/6 levels left

rFire   + . .      SeeInvis .    o - +6 sling "Demonbane" {heavy, rC+ rCorr Dex+5}
rCold   + . .      Faith    .    (no shield)
rNeg    . . .      Spirit   .    c - +0 robe
rPois   .          Reflect  .    (no helmet)
rElec   .          Rampage  .    (no cloak)
rCorr   +                        (no gloves)
Will    .....                    (no boots)
Stlth   +++                      (no amulet)
HPRegen 0.24/turn                f - ring of protection from fire
MPRegen 0.10/turn                (no ring)

@: no status effects
A: small, no large weapons, nightstalker 3
a: no special abilities


You were on level 3 of the Dungeon.
You visited 1 branch of the dungeon, and saw 3 of its levels.

You collected 95 gold pieces.

Inventory:

Hand Weapons
 a - a +1 sling
 o - the +6 sling "Demonbane" (weapon) {heavy, rC+ rCorr Dex+5}
   (You found it on level 3 of the Dungeon)

   Dex:       It affects your dexterity (+5).
   rC:        It protects you from cold.
   rCorr:     It protects you from acid and corrosion.
Missiles
 e - 2 throwing nets
Armour
 c - a +0 robe (worn)
Magical Staves
 m - a staff of air
Jewellery
 f - a ring of protection from fire (left hand)
 q - a ring of fire
Scrolls
 b - a scroll of poison
 g - 2 scrolls of enchant weapon {unknown}
 j - 2 scrolls of identify {unknown}
 n - a scroll of amnesia {unknown}
Potions
 d - a potion of attraction {unknown}
 h - 2 potions of heal wounds {unknown}
 i - a potion of degeneration {unknown}
 k - a potion of curing {unknown}
 l - 2 potions of cancellation {unknown}
 p - a potion of ambrosia {unknown}


   Skills:
 + Level 1.8 Fighting
 * Level 3.8 Ranged Weapons
 + Level 1.0 Armour
 + Level 3.2 Dodging
 + Level 1.8 Spellcasting
 + Level 3.4 Hexes


You had 5 spell levels left.
You knew the following spells:

 Your Spells              Type           Power      Damage    Failure   Level
a - Slow                  Hex            40%        N/A       6%          1

Your spell library contained the following spells:

 Spells                   Type           Power      Damage    Failure   Level
 Confusing Touch          Hex            10%        N/A       19%         3
 Inner Flame              Hex/Fire       6%         N/A       34%         3
 Portal Projectile        Hex/Tloc       12%        N/A       34%         3
 Cause Fear               Hex            5%         N/A       52%         4
 Vampiric Draining        Necr           1%         2d6       58%         3


Dungeon Overview and Level Annotations

Branches:
Dungeon (3/15)

Altars:


Innate Abilities, Weirdness & Mutations

You are small and have problems with some larger weapons.
You are completely attuned to the shadows.


Message History

Press: ? - help, Q - select action, (/) - cycle Shift-Dir - straight line, f/p - gnoll
Aim: a gnoll, wielding a +0 whip (almost dead, 71% to hit)
You shoot a sling bullet. The sling bullet hits the gnoll!
You kill the gnoll!
Fire: o) +6 sling "Demonbane" {heavy, rC+ rCorr Dex+5}
Press: ? - help, Q - select action, (/) - cycle Shift-Dir - straight line, f - gnoll
Aim: a gnoll, wielding a +0 flail (71% to hit)
You shoot a sling bullet.
The sling bullet closely misses the gnoll.
The gnoll hits you with a +0 flail. The gnoll closely misses you.
Fire: o) +6 sling "Demonbane" {heavy, rC+ rCorr Dex+5}
Press: ? - help, Q - select action, (/) - cycle Shift-Dir - straight line, f/p - gnoll
Aim: a gnoll, wielding a +0 flail (71% to hit)
You shoot a sling bullet.
The sling bullet closely misses the gnoll.
The sling bullet hits the gnoll!
The gnoll is severely wounded.
The gnoll closely misses you. The gnoll hits you with a +0 flail!
A gnoll comes into view. It is wielding a +0 flail.
Fire: o) +6 sling "Demonbane" {heavy, rC+ rCorr Dex+5}
Press: ? - help, Q - select action, (/) - cycle Shift-Dir - straight line, f/p - gnoll
Aim: a gnoll, wielding a +0 flail (71% to hit)
You shoot a sling bullet.
The sling bullet barely misses the gnoll.
The sling bullet hits the gnoll!!
You kill the gnoll!
The gnoll barely misses you. The gnoll completely misses you.
Fire: o) +6 sling "Demonbane" {heavy, rC+ rCorr Dex+5}
Press: ? - help, Q - select action, (/) - cycle Shift-Dir - straight line, f/p - gnoll
Aim: a gnoll, wielding a +0 flail (71% to hit)
You shoot a sling bullet. The sling bullet hits the gnoll.
The gnoll is lightly wounded.
The gnoll hits you with a +0 flail!
* * * LOW HITPOINT WARNING * * *
A rat comes into view.
The rat bites you.
* * * LOW HITPOINT WARNING * * *
The rat bites you but does no damage. The gnoll attacks as you move away!
The gnoll hits you with a +0 flail!
You die...

####.### #.# ....
.......# #.#. #).
####.#.# #.#.# #)#
.....#.# #.#.###.#
.....#.#######.#.#.g.#
####.#.#.....#.#...###
####.#.#.###.#.#..##
.....#.#.#.....#rg#
.....#.#.#.#...#@.###
####.#.#.#.#.........
.......#.#.#.....)...
.......#...#.........
.......#####..#......
.........###..######.
########......#
#####..# #.##


You could see 2 gnolls and a rat.

Vanquished Creatures
  2 gnolls (D:3)
  2 adders (D:3)
  A worm (D:3)
  2 orcs (D:3)
  8 endoplasms
  2 giant cockroaches
  5 goblins
  4 hobgoblins
  3 quokkas (D:3)
  3 ball pythons
  5 bats
  6 frilled lizards
  3 kobolds
  4 rats
50 creatures vanquished.

Notes
Turn   | Place    | Note
-------+----------+-------------------------------------------
     0 | D:1      | voltaire321 the Kobold Hexslinger began the quest for the
                  | Orb.
     0 | D:1      | Reached XP level 1. HP: 12/12 MP: 2/2
   144 | D:1      | Reached XP level 2. HP: 16/16 MP: 3/3
   810 | D:2      | Reached XP level 3. HP: 20/20 MP: 5/5
  1297 | D:2      | Found a faded altar of an unknown god.
  1570 | D:3      | Identified the +6 sling "Demonbane" {heavy, rC+ rCorr
                  | Dex+5}
  1601 | D:3      | Reached XP level 4. HP: 25/25 MP: 6/6
  1687 | D:3      | Reached skill level 1 in Armour
  2140 | D:3      | Slain by a gnoll

Illustrated notes

Levels and vault maps discovered:
D:1:      roderic_dead_forest, layout_loops_ring
D:2:      layout_loops_ring, hellmonk_ecumenical_altar_pennies_from_heaven
D:3:      layout_basic

Skill      XL: |  1  2  3  4 |
---------------+-------------+-----
Ranged Weapons | 3 |  3.8
Dodging        | 3 |  3.2
Armour         | 1 |  1.0
Fighting       | |  1.8
Spellcasting   | |  1.8
Hexes          | |  3.4

Action                     |  1- 3 |  4- 6 || total
---------------------------+-------+-------++-------
   Fire: Sling             |   114 |    24 ||   138
   Cast: Slow              |     2 |       ||     2
 Armour: Robe              |    10 |     1 ||    11
  Dodge: Dodged            |    44 |     7 ||    51

Table legend: (Time is in decaauts)
 A = Elapsed time spent in this place.
 B = Non-inter-level travel time spent in this place.
 C = Inter-level travel time spent in this place.
 D = Time resting spent in this place.
 E = Time spent auto-exploring this place.
 F = Levels seen in this place.
 G = Mean time per level.
                   A        B        C        D        E       F      G
               +--------+--------+--------+--------+--------+-----+--------+
         Total |   2190 |   2140 |     50 |     36 |   1671 |   3 |  730.0 |
       Dungeon |   2190 |   2140 |     50 |     36 |   1671 |   3 |  730.0 |
               +--------+--------+--------+--------+--------+-----+--------+

Top non-repeatable levels by time:
     D:2: 830 daAuts
     D:1: 749 daAuts
     D:3: 609 daAuts
